 Dungeon Crawl Stone Soup version 0.32-a0-738-g1a05c61809 (webtiles) character file.

Game seed: 11495508189912791309

11 Nvm9 the Trooper (level 2, 0/2 HPs)
             Began as a Demonspawn Fighter on Mar 17, 2024.
             Slain by a hobgoblin (2 damage)
             ... on level 1 of the Dungeon.
             The game lasted 00:00:49 (225 turns).

Nvm9 the Trooper (Demonspawn Fighter)                Turns: 225, Time: 00:00:50

Health: 0/2        AC:  0    Str: 16    XL:     2   Next: 13%
Magic:  2/2        EV:  8    Int:  8    God:
Gold:   22         SH:  0    Dex: 12    Spells: 1/1 levels left

rFire   . . .        a - melded +0 war axe
rCold   . . .        c - melded +0 buckler
rNeg    . . .        b - +0 scale mail
rPois   .            (no helmet)
rElec   .            (no cloak)
rCorr   .            (gloves currently unavailable)
SInv    .            (no boots)
Will    .....        (no amulet) Stlth
                     (no ring)
HPRegen 0.20/turn    (no ring)
MPRegen 0.08/turn

%: no passive effects
@: blade hands, wreathed by umbra
A: reduced hp, foul shadow 1
a: Begin Untransformation


You were on level 1 of the Dungeon.
You had blades for hands.
You visited 1 branch of the dungeon, and saw 1 of its levels.

You collected 22 gold pieces.

Inventory:

Hand Weapons
 a - a +0 war axe (melded)
Armour
 b - a +0 scale mail (worn)
 c - a +0 buckler (melded)
Talismans
 g - a blade talisman (active)
Scrolls
 f - a scroll of enchant weapon {unknown}
Potions
 d - a potion of might
 e - a potion of brilliance {unknown}


   Skills:
 * Level 3.1 Fighting
 * Level 2.0 Axes
 * Level 2.8 Armour
 * Level 2.8 Shields


You had one spell level left.
You didn't know any spells.
Your spell library was empty.

Dungeon Overview and Level Annotations

Branches:
Dungeon (1/15)

Altars:


Innate Abilities, Weirdness & Mutations

You have blades for hands.
Your maximum health is decreased, since you lack skill for your form.
You are incapable of wielding weapons or throwing items.
You are faintly shadowed, very rarely releasing foul flame when damaged in melee.


Message History

There is an open door here.
There is an open door here.
A kobold comes into view. It is wielding a +0 whip.
The kobold shouts!
You block the kobold's attack.
You slash the kobold!
You kill the kobold!
No target in view!
No target in view!
Things that are here:
a +0 whip; a kobold corpse Key pressed, stopping explore.
Found a blade talisman.
No target in view!
No target in view!
No target in view!
You see here a blade talisman.
g - a blade talisman You begin transforming.
You continue transforming. x3
Your hands turn into razor-sharp scythe blades.
Your +0 war axe melds into your body.
Your +0 buckler melds into your body.
Key pressed, stopping explore.
A bat comes into view.
The bat hits you.
Ouch! That really hurt!
You are too injured to fight recklessly!
You are too injured to fight recklessly!
You are too injured to fight recklessly!
You are too injured to fight recklessly!
You hit the bat.
You kill the bat!
You start resting.
HP restored.
A hobgoblin comes into view.
Found a quarterstaff.
The hobgoblin shouts!
You hear an angry hiss.
An endoplasm comes into view.
The endoplasm quivers.
The hobgoblin hits you.
Ouch! That really hurt!
You die...

########## ### #
#........# ..#.#
########.#
#)######.#.# #.#
#..Jg@.....# #### #.#
########.### ...# #.#
#.# .#.#####.# #.#
.#.......##########.#
.#..................#
.#.##################
......# ##.##.#


You could see an endoplasm and a hobgoblin.

Vanquished Creatures
  A dart slug (D:1)
  A giant cockroach (D:1)
  A hobgoblin (D:1)
  A kobold (D:1)
  2 quokkas (D:1)
  A bat (D:1)
  A rat (D:1)
8 creatures vanquished.

Notes
Turn   | Place    | Note
-------+----------+-------------------------------------------
     0 | D:1      | Nvm9 the Demonspawn Fighter began the quest for the Orb.
     0 | D:1      | Reached XP level 1. HP: 18/18 MP: 1/1
   104 | D:1      | Gained mutation: You are faintly shadowed, very rarely
                  | releasing foul flame when damaged in melee. [demonic
                  | ancestry]
   104 | D:1      | Reached XP level 2. HP: 21/24 MP: 2/2
   225 | D:1      | Slain by a hobgoblin

Illustrated notes

Levels and vault maps discovered:
D:1:      wander_arrival_chamber, layout_basic

Skill      XL: |  1 |
---------------+----+-----
Axes           | 2 |  2.0
Fighting       | |  3.1
Armour         | |  2.8
Shields        | |  2.8

Action                     || total
---------------------------++-------
  Melee: War axe           ||    14
         Unarmed           ||     1
 Armour: Scale mail        ||     7
  Dodge: Dodged            ||     8
  Block: Buckler           ||     3
   Form: Blade             ||     1

Table legend: (Time is in decaauts)
 A = Elapsed time spent in this place.
 B = Non-inter-level travel time spent in this place.
 C = Inter-level travel time spent in this place.
 D = Time resting spent in this place.
 E = Time spent auto-exploring this place.
 F = Levels seen in this place.
 G = Mean time per level.
                   A        B        C        D        E       F      G
               +--------+--------+--------+--------+--------+-----+--------+
         Total |    231 |    230 |      1 |      0 |    167 |   1 |  231.0 |
       Dungeon |    231 |    230 |      1 |      0 |    167 |   1 |  231.0 |
               +--------+--------+--------+--------+--------+-----+--------+

Top non-repeatable levels by time:
     D:1: 231 daAuts
